 Dungeon Crawl Stone Soup version 0.28-a0-563-gf77a47075d (webtiles) character file.

Game seed: 5332439230903509990

377 porpoise the Magician (level 6, -2/32 HPs)
             Began as a Deep Elf Conjurer on Oct 1, 2021.
             Slain by an ogre (11 damage)
             ... on level 3 of the Dungeon.
             The game lasted 00:09:09 (3501 turns).

porpoise the Magician (Deep Elf Conjurer)           Turns: 3501, Time: 00:09:10

Health: -2/32      AC:  3    Str:  4    XL:     6   Next: 45%
Magic:  4/17       EV: 12    Int: 25    God:
Gold:   44         SH:  0    Dex: 13    Spells: 4/18 levels left

rFire   . . .      SeeInvis .   a - +7 spear (flame)
rCold   . . .      Faith    .   (no shield)
rNeg    . . .      Spirit   .   c - +0 robe
rPois   .          Reflect  .   (no helmet)
rElec   .          Harm     .   (no cloak)
rCorr   .          Rampage  .   j - +0 pair of gloves
Will    .....                   (no boots)
Stlth   ++........              (no amulet)
HPRegen 0.10/turn               (no ring)
MPRegen 0.15/turn               (no ring)

@: no status effects
A: no striking features
a: no special abilities


You were on level 3 of the Dungeon.
You visited 1 branch of the dungeon, and saw 3 of its levels.

You collected 88 gold pieces.
You spent 44 gold pieces at shops.

Inventory:

Hand Weapons
 a - a +7 spear of flaming (weapon)
 k - a +4 dagger of speed
Missiles
 d - 120 stones
 h - 4 poisoned darts
Armour
 c - a +0 robe (worn)
 j - a +0 pair of gloves (worn)
Scrolls
 b - a scroll of silence {unknown}
 e - a scroll of fog {unknown}
 g - a scroll of noise {unknown}
 i - a scroll of teleportation {unknown}
 m - a scroll of enchant weapon {unknown}
Potions
 f - a potion of berserk rage
 l - a potion of flight
 n - 2 potions of mutation
 o - a potion of attraction
 p - 2 potions of curing {unknown}


   Skills:
 - Level 2.4 Dodging
 - Level 2.4 Stealth
 + Level 6.8 Spellcasting
 - Level 5.5 Conjurations
 + Level 4.4 Hexes


You had 4 spell levels left.
You knew the following spells:

 Your Spells              Type           Power      Damage    Failure   Level
a - Magic Dart            Conj           100%       1d8       1%          1
b - Searing Ray           Conj           72%        2d7       1%          2
c - Fulminant Prism       Conj/Hex       16%        3d11      9%          4
d - Iskenderun's Mystic   Conj/Tloc      22%        2d6       22%         4
s - Stone Arrow           Conj/Erth      44%        3d9       7%          3

Your spell library contained the following spells:

 Spells                   Type           Power      Damage    Failure   Level
 Foxfire                  Conj/Fire      88%        2x1d8     2%          1
 Dazzling Flash           Conj/Hex       66%        N/A       2%          3
 Ensorcelled Hibernation  Hex/Ice        38%        N/A       4%          2
 Portal Projectile        Hex/Tloc       38%        N/A       9%          3
 Call Canine Familiar     Summ           8%         N/A       21%         3
 Spider Form              Tmut/Pois      4%         N/A       21%         3
 Leda's Liquefaction      Hex/Erth       9%         N/A       26%         4
 Animate Armour           Summ/Erth      16%        N/A       56%         4
 Lehudib's Crystal Spear  Conj/Erth      11%        10d4      100%        8


Dungeon Overview and Level Annotations

Branches:
Dungeon (3/15)

Altars:
Wu Jian

Shops:
D:2 ?


Message History

You kill the goblin!
The searing ray hits the goblin!
You kill the goblin!
The searing ray hits the goblin!
You kill the goblin!
The searing ray hits the goblin!
You kill the goblin!
The searing ray hits the goblin.
You kill the goblin!
The searing ray hits the goblin!
You kill the goblin!
The searing ray hits the ogre.
The ogre is lightly wounded.
You finish channelling your searing ray.
The ogre hits you with a +0 giant club!!
Ouch! That really hurt!
Casting: Searing Ray (safe; 1% risk of failure)
Confirm with . or Enter, or press ? or * to list all spells.
The spell is extremely dangerous to cast (22% risk of failure)!
Continue anyway?
You erupt in a blast of force!
The mystic blast hits the ogre!
The ogre is heavily wounded.
The ogre is knocked back by the mystic blast.
Casting: Iskenderun's Mystic Blast (extremely dangerous; 22% risk of failure)
Confirm with . or Enter, or press ? or * to list all spells.
Aiming: Searing Ray (safe; 1% risk of failure)
Press: ? - help, Shift-Dir - straight line, f - ogre
Aim: an ogre, wielding a +0 giant club (heavily wounded, 91% to hit)
The searing ray hits the ogre.
The ogre is severely wounded. (Press . to maintain the ray.) Unknown command.
The searing ray hits the ogre.
The ogre is almost dead.
The ogre hits you with a +0 giant club.
* * * LOW HITPOINT WARNING * * *
The searing ray misses the ogre.
The ogre closely misses you.
The searing ray misses the ogre.
You finish channelling your searing ray.
The ogre hits you with a +0 giant club!
You die...

##...#................#
#....#...........###..###########
...#†##########..##.<............
..##.# #..###..#.########.
####.## #..####.#.# #.
..##..###### #.....#.#.# #.
...#.......########.#.#.# #†
#..........#...####.#.#.# #.
##...#######)))O@#..#.#.# #.
....## #.#...#....#.#.########.
#...# #.#####.................
#...######.[##.......>..#########
#.................[.....#
....#########....#......#
..).####### #<.........##
###.......#####.##..#### #
#######.....<.....#


You could see an ogre.

Vanquished Creatures
  Sigmund (D:3)
  An orc priest (D:3)
  8 gnolls
  3 adders
  3 worms
  2 dart slugs
  4 orcs (D:3)
  6 ball pythons
  3 endoplasms
  3 giant cockroaches
  13 goblins
  7 hobgoblins
  2 jackals (D:3)
  4 kobolds
  4 quokkas
  4 bats
  2 frilled lizards (D:2)
  5 rats
75 creatures vanquished.

Notes
Turn   | Place    | Note
-------+----------+-------------------------------------------
     0 | D:1      | porpoise the Deep Elf Conjurer began the quest for the Orb.
     0 | D:1      | Reached XP level 1. HP: 10/10 MP: 6/6
   228 | D:1      | Found a faded altar of an unknown god.
   270 | D:1      | Got Plato's Disquisition on the Volcanoes
   324 | D:1      | Reached XP level 2. HP: 15/15 MP: 5/8
   327 | D:1      | Learned a level 2 spell: Searing Ray
   877 | D:2      | Found an ornate altar of the Wu Jian Council.
   970 | D:2      | Reached skill level 4 in Spellcasting
  1131 | D:2      | Found Qiyff's Magic Scroll Shop.
  1140 | D:2      | Bought 2 scrolls of identify for 44 gold pieces
  1152 | D:2      | Reached skill level 5 in Conjurations
  1152 | D:2      | Reached XP level 3. HP: 19/19 MP: 7/10
  1579 | D:2      | Reached XP level 4. HP: 24/24 MP: 5/12
  1709 | D:2      | Reached skill level 5 in Spellcasting
  2117 | D:2      | Learned a level 4 spell: Fulminant Prism
  2122 | D:2      | Learned a level 4 spell: Iskenderun's Mystic Blast
  2220 | D:3      | Reached skill level 1 in Hexes
  2224 | D:3      | Reached XP level 5. HP: 28/28 MP: 5/14
  2550 | D:3      | Noticed Sigmund
  2557 | D:3      | Killed Sigmund
  2558 | D:3      | Reached skill level 6 in Spellcasting
  2558 | D:3      | Reached XP level 6. HP: 29/32 MP: 7/17
  2825 | D:3      | Learned a level 3 spell: Stone Arrow
  3501 | D:3      | Slain by an ogre

Illustrated notes

Levels and vault maps discovered:
D:1:      lemuel_arrival_cross, layout_loops_ring,
          shapermc_ecumenical_altar_rom_forum
D:2:      layout_basic, basic_altar, serial_shops, nicolae_shop_stone,
          grunt_decor_clamped, amcnicky_mini_rare_corridor_liquid,
          grunt_ministairs_14
D:3:      layout_loops_ring, roderic_malta_cross, minmay_ogre_servants,
          uniq_sigmund

Skill      XL: |  1  2  3  4  5  6 |
---------------+-------------------+-----
Spellcasting   | 4 5 6 |  6.8
Conjurations   | 5 |  5.5
Hexes          | 1 3 4 |  4.4
Dodging        | |  2.4
Stealth        | |  2.4

Action                   |  1- 3 |  4- 6 || total
-------------------------+-------+-------++-------
Melee: Spear             |       |    17 ||    17
 Cast: Magic Dart        |    38 |    12 ||    50
       Searing Ray       |    10 |    15 ||    25
       Iskenderun's Myst |       |     1 ||     1
  Use: Scroll            |     2 |     3 ||     5
 Stab: Sleeping          |       |     3 ||     3
Armor: Robe              |       |     1 ||     1
Dodge: Dodged            |     4 |    11 ||    15

Table legend: (Time is in decaauts)
 A = Elapsed time spent in this place.
 B = Non-inter-level travel time spent in this place.
 C = Inter-level travel time spent in this place.
 D = Time resting spent in this place.
 E = Time spent auto-exploring this place.
 F = Levels seen in this place.
 G = Mean time per level.
                   A        B        C        D        E       F      G
               +--------+--------+--------+--------+--------+-----+--------+
         Total |   3501 |   3477 |     24 |   1383 |   1634 |   3 | 1167.0 |
       Dungeon |   3501 |   3477 |     24 |   1383 |   1634 |   3 | 1167.0 |
               +--------+--------+--------+--------+--------+-----+--------+

Top non-repeatable levels by time:
     D:3: 1381 daAuts
     D:2: 1319 daAuts
     D:1: 800 daAuts
